 Dungeon Crawl Stone Soup version 0.23-a0-837-ga3e6480 (console) character file.

19 bli the Slasher (level 2, -5/25 HPs)
             Began as a Barachi Monk on Jan 24, 2019.
             Engulfed by a cloud of steam (10 damage)
             ... on level 1 of the Dungeon.
             The game lasted 00:02:45 (597 turns).

bli the Slasher (Barachi Monk)                       Turns: 597, Time: 00:02:46

Health: -5/25      AC:  4    Str: 12    XL:     2   Next: 75%
Magic:  2/2        EV: 13    Int: 10    God:
Gold:   63         SH:  0    Dex: 14    Spells: 1/1 levels left

rFire    . . .     SeeInvis .   a - +0 falchion
rCold    . . .     Gourm    .   (no shield)
rNeg     . . .     Faith    .   b - +0 robe
rPois    .         Spirit   .   e - +1 helmet
rElec    .         Reflect  .   (no cloak)
rCorr    .         Harm     .   (no gloves)
MR       .....                  (no boots)
Stlth    ++........             (no amulet)
HPRegen  0.08/turn              (no ring)
MPRegen  0.08/turn              (no ring)

@: can't hop, slow
A: +LOS, swims, slowness 1, strong legs 1
a: Hop


You were on level 1 of the Dungeon.
You were not hungry.

You visited 1 branch of the dungeon, and saw 1 of its levels.

You collected 63 gold pieces.

Inventory:

Hand Weapons
 a - a +0 falchion (weapon)
Missiles
 h - 21 stones (quivered)
 i - 16 sling bullets
Armour
 b - a +0 robe (worn)
 e - a +1 helmet (worn)
 g - a +0 leather armour
 n - a +0 ring mail
Scrolls
 f - a scroll of magic mapping {unknown}
 l - 3 scrolls of enchant armour {unknown}
 m - a scroll of noise {unknown}
Potions
 j - a potion of lignification {unknown}
 k - 2 potions of heal wounds {unknown}
Comestibles
 c - 2 rations
 d - 2 chunks of flesh


   Skills:
 + Level 4.0 Fighting
 * Level 4.4 Long Blades
 - Level 3.2 Dodging
 - Level 1.7 Stealth


You had one spell level left.
You didn't know any spells.
Your spell library was empty.

Dungeon Overview and Level Annotations

Branches:
Dungeon (1/15)

Altars:


Innate Abilities, Weirdness & Mutations

Shadows flee at your approach. (+LOS)
You can swim through water.
You cover ground slowly.
You can hop short distances.


Message History

You are engulfed in a cloud of scalding steam.
Ouch! That really hurt!
Why would you want to do that? Why would you want to do that?
Why would you want to do that?
You are engulfed in a cloud of scalding steam.
* * * LOW HITPOINT WARNING * * *
Why would you want to do that?
Really swim into that cloud of steam?
Okay, then.
You are engulfed in a cloud of scalding steam.
* * * LOW HITPOINT WARNING * * *
Why would you want to do that?
Hop to where?
Press: ? - help, Dir - move target cursor Floosh!
Boing!
You are engulfed in a cloud of scalding steam.
You are engulfed in a cloud of scalding steam.
You die...

######.#.###########
#.#.# #.#.######
#........###### ####
###.####(...... #≈≈###
#.# #######. ##°≈§≈###.#
###.. #≈≈≈§###..# #...#
###§## ##########.###
##§# #...#......# ###@#
#..........## #≈§##
#.........÷.#
######≈#####...........#
#...≈≈≈≈≈..............#
#....≈≈≈...............#
###....................#
###..................##
#####.............##.
##.....#.....###.
############# #.
#.....#######.


There were no monsters in sight!

Vanquished Creatures
  5 bats (D:1)
  2 giant cockroaches (D:1)
  2 goblins (D:1)
  3 hobgoblins (D:1)
  2 frilled lizards (D:1)
  2 kobolds (D:1)
  2 rats (D:1)
18 creatures vanquished.

Notes
Turn   | Place    | Note
-------+----------+-------------------------------------------
     0 | D:1      | bli the Barachi Monk began the quest for the Orb.
     0 | D:1      | Reached XP level 1. HP: 18/18 MP: 1/1
   204 | D:1      | Reached XP level 2. HP: 25/25 MP: 2/2
   597 | D:1      | Engulfed by a cloud of steam

Vault maps used:
D:1:      psy_arrival_conway, hex_large, fountainhead, lemuel_another_geyser

Skill      XL: |  1  2 |
---------------+-------+-----
Long Blades    | 4 |  4.4
Fighting       | 4 |  4.0
Dodging        | |  3.2
Stealth        | |  1.7

Action                   || total
-------------------------++-------
Melee: Falchion          ||    49
 Abil: Hop               ||     1
 Stab: Sleeping          ||     2
Armor: Robe              ||    21
Dodge: Dodged            ||    32
       Rpst.: Falchion   ||    13

Table legend:
 A = Non-vault XP
 B = Vault XP
 C = Vault XP percentage of total XP
 D = Non-vault monster count
 E = Vault monster count
 F = Vault count percentage of total count
                 A         B        C        D         E       F
            +---------+---------+-------+---------+---------+-------
      Total |      28 |       0 |   0.0 |      18 |       0 |   0.0
            +---------+---------+-------+---------+---------+-------
        D:1 |      28 |       0 |   0.0 |      18 |       0 |   0.0
            +---------+---------+-------+---------+---------+-------
